 Dungeon Crawl Stone Soup version 0.24.0-37-gcf1ca852f1 (webtiles) character file.

Game seed: 9622539777400539461, levelgen mode: deterministic

49 Delamore the Chopper (level 3, -5/31 HPs)
             Began as a Hill Orc Fighter on Nov 30, 2019.
             Slain by a sky beast (6 damage)
             ... on level 2 of the Dungeon.
             The game lasted 00:01:16 (894 turns).

Delamore the Chopper (Hill Orc Fighter)              Turns: 894, Time: 00:01:17

Health: -5/31      AC:  6    Str: 18    XL:     3   Next: 75%
Magic:  3/3        EV:  7    Int:  8    God:
Gold:   53         SH:  9    Dex: 11    Spells: 2/2 levels left

rFire    . . .     SeeInvis .   a - +0 war axe
rCold    . . .     Gourm    .   c - +0 shield
rNeg     . . .     Faith    .   b - +0 scale mail
rPois    .         Spirit   .   (no helmet)
rElec    .         Reflect  .   (no cloak)
rCorr    .         Harm     .   (no gloves)
MR       .....                  (no boots)
Stlth    ..........             (no amulet)
HPRegen  0.10/turn              (no ring)
MPRegen  0.08/turn              (no ring)

@: no status effects
A: no striking features
a: no special abilities


You were on level 2 of the Dungeon.
You were not hungry.

You visited 1 branch of the dungeon, and saw 2 of its levels.

You collected 53 gold pieces.

Inventory:

Hand Weapons
 a - a +0 war axe (weapon)
Missiles
 k - 15 poisoned darts (quivered)
Armour
 b - a +0 scale mail (worn)
 c - a +0 shield (worn)
Scrolls
 h - 2 scrolls of remove curse {unknown}
 j - 2 scrolls of identify {unknown}
 m - a scroll of magic mapping {unknown}
Potions
 d - a potion of might
 e - a potion of flight {unknown}
 g - a potion of haste {unknown}
 i - a potion of brilliance {unknown}
 n - a potion of magic {unknown}
Comestibles
 f - 4 rations
 l - a chunk of flesh


   Skills:
 - Level 3.6 Fighting
 + Level 5.3 Axes
 - Level 3.2 Armour
 - Level 3.2 Shields


You had 2 spell levels left.
You didn't know any spells.
Your spell library was empty.

Dungeon Overview and Level Annotations

Branches:
Dungeon (2/15)

Altars:


Message History

The sky beast is severely wounded.
You closely miss the hobgoblin. You block the sky beast's attack.
You block the hobgoblin's attack.
You hit the sky beast.
The sky beast is almost dead.
You hit the hobgoblin but do no damage.
The sky beast hits you but does no damage.
The hobgoblin barely misses you. You block the sky beast's attack.
You closely miss the sky beast.
The sky beast is almost dead.
You closely miss the hobgoblin. The hobgoblin closely misses you.
You block the sky beast's attack.
You completely miss the sky beast.
The sky beast is almost dead.
You hit the hobgoblin.
You kill the hobgoblin!
The sky beast hits you.
* * * LOW HITPOINT WARNING * * *
The sky beast shocks you.
You die...

............
...........# #
#....####.. .#
..#........ .# .....#
#.# ..# .#.#.####.#
#..######
........#.####.#
.....#
#..........##.###Y...#
#..............#@#
####..#....####.)#
#....#.## ##......#
#......... .[.....#
...##..#..## ##$#...#
#..##..###.. .#...#
#.# #..# ..# .# ..# #.
#.## #.# .. .# #


You could see a sky beast.

Vanquished Creatures
  An adder (D:2)
  2 leopard geckos
  2 bats
  8 giant cockroaches
  6 goblins
  5 hobgoblins
  A kobold (D:1)
  3 frilled lizards
  5 rats
33 creatures vanquished.

Notes
Turn   | Place    | Note
-------+----------+-------------------------------------------
     0 | D:1      | Delamore the Hill Orc Fighter began the quest for the Orb.
     0 | D:1      | Reached XP level 1. HP: 19/19 MP: 1/1
     6 | D:1      | Reached skill level 3 in Axes
    84 | D:1      | You fall into a shaft and drop 1 floor!
   113 | D:1      | Reached XP level 2. HP: 26/26 MP: 2/2
   195 | D:1      | Reached skill level 4 in Axes
   477 | D:1      | Reached XP level 3. HP: 29/31 MP: 3/3
   810 | D:2      | Reached skill level 5 in Axes
   883 | D:2      | Noticed a sky beast
   894 | D:2      | HP: 1/31 [sky beast (3)]
   894 | D:2      | Slain by a sky beast

Levels and vault maps discovered:
D:1:      dpeg_arrival_prison, layout_basic, minmay_door_square, st_stairs_12
D:2:      layout_loops_ring, gammafunk_temple_overflow_claw, first_ration

Skill      XL: |  1  2  3 |
---------------+----------+-----
Axes           | 3 4 5 |  5.3
Fighting       | |  3.6
Armour         | |  3.2
Shields        | |  3.2

Action                   || total
-------------------------++-------
Melee: War axe           ||   104
Armor: Scale mail        ||    43
Dodge: Dodged            ||    36
Block: Shield            ||    54
